 Dungeon Crawl Stone Soup version 0.23.0-3-gf3c87f2df8 (webtiles) character file.

Game seed: 13405417986336380178

130 Revguard the Chopper (level 4, 0/35 HPs)
             Began as a Demonspawn Monk on Feb 22, 2019.
             Killed from afar by an orc wizard (3 damage)
             ... with a magic dart
             ... on level 2 of the Dungeon.
             The game lasted 00:07:16 (2120 turns).

Revguard the Chopper (Demonspawn Monk)              Turns: 2120, Time: 00:07:17

Health: 0/35       AC: 11    Str: 12    XL:     4   Next: 89%
Magic:  4/4        EV:  3    Int: 11    God:
Gold:   67         SH:  8    Dex: 16    Spells: 3/3 levels left

rFire    . . .     SeeInvis .   a - +0 hand axe
rCold    . . .     Gourm    .   k - +0 shield
rNeg     . . .     Faith    .   b - +0 chain mail
rPois    .         Spirit   .   i - +0 helmet
rElec    .         Reflect  .   (no cloak)
rCorr    .         Harm     .   (no gloves)
MR       .....                  (no boots)
Stlth    ..........             (no amulet)
HPRegen  0.11/turn              (no ring)
MPRegen  0.09/turn              (no ring)

@: no status effects
A: molten scales 1, rot immunity
a: no special abilities


You were on level 2 of the Dungeon.
You were not hungry.

You visited 1 branch of the dungeon, and saw 2 of its levels.

You collected 67 gold pieces.

Inventory:

Hand Weapons
 a - a +0 hand axe (weapon)
Armour
 b - a +0 chain mail (worn)
 i - a +0 helmet (worn)
 k - a +0 shield (worn)
Scrolls
 d - 2 scrolls of amnesia {unknown}
 e - 2 scrolls of teleportation
 f - 3 scrolls of fear
 h - 3 scrolls of remove curse {unknown}
 j - a scroll of enchant armour {unknown}
 l - a scroll of magic mapping {unknown}
Potions
 g - 3 potions of magic
Comestibles
 c - 4 rations


   Skills:
 + Level 3.4 Fighting
 + Level 4.0 Axes
 + Level 1.1 Armour
 + Level 3.1 Dodging
 - Level 1.7 Stealth
 + Level 1.4 Shields


You had 3 spell levels left.
You didn't know any spells.
Your spell library was empty.

Dungeon Overview and Level Annotations

Branches:
Dungeon (2/15)

Altars:


Innate Abilities, Weirdness & Mutations

You are partially covered in molten scales. (AC +2)
You are immune to rotting.


Message History

You hear some strange, mumbled words.
A puff of flame appears from out of thin air!
The puff of flame hits you but does no damage.
The orc hits you with a +1 trident of protection!
* * * LOW HITPOINT WARNING * * *
Something completely misses you.
Things that are here:
a +0 dagger; a +0 chain mail Your shield and chain mail prevent you from hitting the orc.
You closely miss something. The orc hits you but does no damage.
You hear some strange, mumbled words.
A puff of flame appears from out of thin air!
The puff of flame hits you!
* * * LOW HITPOINT WARNING * * *
As you read the scroll labeled APHIPTUOSONI, it crumbles to dust.
You assume a fearsome visage.
The orc looks frightened!
The bat looks frightened!
It was a scroll of fear.
A magic dart appears from out of thin air!
The magic dart hits you.
You die...

.. ####### # ... #.....# ## ....
####...{.# ##. .....####
#........# ###..
..#.....###.##.....# #...#
.......((().####.### ###.###
#######o##### #..# #...# # ##.#
#.## #.### #... #@# #.#
#...######.# ###.#
#..........########...#
#...#####...........###
######...#####.########(..######
#^..[.s#.......##.......).((...#
#......##....รท..)..###########..
#......##.###.####).).## ###
##.........##..# ####..#


There were no monsters in sight!

Vanquished Creatures
  2 adders (D:2)
  4 gnolls (D:2)
  2 worms (D:2)
  2 dart slugs
  2 leopard geckos (D:1)
  An orc (D:2)
  8 bats
  5 giant cockroaches
  5 goblins
  4 hobgoblins
  5 jackals
  A ball python (D:2)
  6 frilled lizards
  7 kobolds
  10 rats
64 creatures vanquished.

Notes
Turn   | Place    | Note
-------+----------+-------------------------------------------
     0 | D:1      | Revguard the Demonspawn Monk began the quest for the Orb.
     0 | D:1      | Reached XP level 1. HP: 18/18 MP: 1/1
   243 | D:1      | Gained mutation: You are immune to rotting. [demonic
                  | ancestry]
   243 | D:1      | Reached XP level 2. HP: 11/24 MP: 2/2
   478 | D:1      | Reached skill level 3 in Axes
   876 | D:1      | Reached XP level 3. HP: 19/29 MP: 3/3
  1507 | D:2      | Reached skill level 1 in Armour
  1510 | D:2      | Gained mutation: You are partially covered in molten
                  | scales. (AC +2) [demonic ancestry]
  1510 | D:2      | Reached XP level 4. HP: 32/35 MP: 4/4
  1611 | D:2      | Reached skill level 1 in Shields
  1997 | D:2      | Reached skill level 4 in Axes
  2120 | D:2      | Killed from afar by an orc wizard

Skill      XL: |  1  2  3  4 |
---------------+-------------+-----
Axes           | 3 4 |  4.0
Dodging        | 3 |  3.1
Armour         | 1 |  1.1
Shields        | 1 |  1.4
Fighting       | |  3.4
Stealth        | |  1.7

Action                   |  1- 3 |  4- 6 || total
-------------------------+-------+-------++-------
Melee: Hand axe          |   154 |    91 ||   245
  Use: Scroll            |     3 |     2 ||     5
       Potion            |     3 |       ||     3
 Stab: Sleeping          |     1 |       ||     1
  Eat: Chunk             |     2 |     2 ||     4
Armor: Robe              |    10 |       ||    10
       Chain mail        |   110 |    65 ||   175
Dodge: Dodged            |    61 |    14 ||    75
Block: Shield            |    42 |    35 ||    77
